TOP OF THE 1ST |
Victoria Capitals batting - Pitching for Calgary Flames : RHP David Koski
|
Pitching: RHP David Koski
|
|
Batting: LHB Chris Jackson
|
0-0: Ball 1-0: Ball 2-0: Foul Ball, location: 2F 2-1: Foul Ball, location: 2F 2-2: SINGLE (Line Drive, 89M, EV 96.2 MPH)
|
Batting: RHB Enrique Valdez
|
0-0: Called Strike 0-1: Ball 1-1: Swinging Strike 1-2: Foul Ball, location: 2F 1-2: Ball 2-2: Ball 3-2: Strikes out swinging
|
Batting: RHB Mike Conaway
|
0-0: Called Strike Chris Jackson is caught stealing 2nd base 2-4 0-1: Foul Ball, location: 2F 0-2: Strikes out swinging
|
Top of the 1st over - 0 runs, 1 hit, 0 errors, 0 left on base; Victoria 0 - Calgary 0 |
BOTTOM OF THE 1ST |
Calgary Flames batting - Pitching for Victoria Capitals : LHP Andy Mathis
|
Pitching: LHP Andy Mathis
|
|
Batting: RHB Elias Vences
|
0-0: Ball 1-0: Ball 2-0: Foul Ball, location: 2F 2-1: Ground out 6-3 (Groundball, 6MD, EV 86.2 MPH)
|
Batting: RHB Brian DeVoe
|
0-0: Ball 1-0: Foul Ball, location: 2F 1-1: Foul Ball, location: 2F 1-2: Ball 2-2: Fly out, F9 (Line Drive, 9, EV 91.2 MPH)
|
Batting: RHB Mike MacLeod
|
0-0: Called Strike 0-1: Foul Ball, location: 2F 0-2: Foul Ball, location: 2F 0-2: DOUBLE (Line Drive, 78XD, EV 103.8 MPH)
|
Batting: LHB Carlos Cuellar
|
0-0: Swinging Strike 0-1: Ball 1-1: Foul Ball, location: 2F 1-2: Foul Ball, location: 2F 1-2: Ball 2-2: Foul Ball, location: 2F 2-2: Ball 3-2: Foul Ball, location: 2F 3-2: Strikes out swinging, 2-3 out at first.
|
Bottom of the 1st over - 0 runs, 1 hit, 0 errors, 1 left on base; Victoria 0 - Calgary 0 |
TOP OF THE 2ND |
Victoria Capitals batting - Pitching for Calgary Flames : RHP David Koski
|
Batting: SHB Ray Skogen
|
0-0: Foul Ball, location: 2F 0-1: Foul Ball, location: 2F 0-2: Ball 1-2: Strikes out swinging
|
Batting: LHB Jason Kinney
|
0-0: SINGLE (Groundball, 4MD, EV 103.1 MPH)
|
Batting: RHB Kinzo Yokoyama
|
0-0: Ball 1-0: Ball 2-0: TRIPLE (Flyball, 78XD, EV 103.1 MPH) Jason Kinney scores
|
Batting: RHB Jose Zuniga
|
0-0: Ball 1-0: Swinging Strike 1-1: SINGLE (Groundball, 6MD, EV 102.5 MPH) Kinzo Yokoyama scores
|
Batting: RHB Chris Skaff
|
0-0: Ball 1-0: Swinging Strike 1-1: Foul Ball, location: 2F 1-2: Fly out, F4 (Line Drive, 4, EV 73.8 MPH)
|
Batting: RHB David Greene
|
0-0: Foul Ball, location: 2F 0-1: Ball 1-1: Ball 2-1: Ball 3-1: Foul Ball, location: 2F 3-2: Foul Ball, location: 2F 3-2: Ground out 4-3 (Groundball, 4, EV 99.4 MPH)
|
Top of the 2nd over - 2 runs, 3 hits, 0 errors, 1 left on base; Victoria 2 - Calgary 0 |
BOTTOM OF THE 2ND |
Calgary Flames batting - Pitching for Victoria Capitals : LHP Andy Mathis
|
Batting: RHB Adrian Cook
|
0-0: Called Strike 0-1: DOUBLE (Groundball, 5L, EV 103.1 MPH)
|
Batting: SHB Isaiah Scates
|
0-0: Ball 1-0: Swinging Strike 1-1: Foul Ball, location: 2F 1-2: 2-RUN HOME RUN (Flyball, 7D, EV 108.1 MPH), Distance : 407 ft
|
Batting: RHB Alex Collazo
|
0-0: Swinging Strike 0-1: Ball 1-1: Ball 2-1: Swinging Strike 2-2: Ball 3-2: Strikes out swinging, 2-3 out at first.
|
Batting: LHB Dean Luttman
|
0-0: Called Strike 0-1: Ball 1-1: Swinging Strike 1-2: Ball 2-2: Ball 3-2: Foul Ball, location: 2F 3-2: Ground out 3-1 (Groundball, 34, EV 106.2 MPH)
|
Batting: LHB Lu-po-teh Zhou
|
0-0: Called Strike 0-1: Called Strike 0-2: Ball 1-2: Ground out 4-3 (Groundball, 34D, EV 79.4 MPH)
|
Bottom of the 2nd over - 2 runs, 2 hits, 0 errors, 0 left on base; Victoria 2 - Calgary 2 |
TOP OF THE 3RD |
Victoria Capitals batting - Pitching for Calgary Flames : RHP David Koski
|
Batting: LHB Chris Jackson
|
0-0: Ball 1-0: Ball 2-0: Ball 3-0: Called Strike 3-1: Base on Balls
|
Batting: RHB Enrique Valdez
|
0-0: Called Strike 0-1: Called Strike Chris Jackson is caught stealing 2nd base 2-4 0-2: Foul Ball, location: 2F 0-2: Foul Ball, location: 2F 0-2: Ball 1-2: Ball 2-2: SINGLE (Groundball, 4D, EV 103.8 MPH)
|
Batting: RHB Mike Conaway
|
0-0: Fly out, F7 (Flyball, 7D, EV 98.1 MPH)
|
Batting: SHB Ray Skogen
|
0-0: Ball Enrique Valdez steals 2nd base 1-0: Ball 2-0: Called Strike 2-1: Swinging Strike 2-2: Hit by Pitch
|
Batting: LHB Jason Kinney
|
0-0: Called Strike 0-1: Called Strike 0-2: Fly out, F7 (Line Drive, 7, EV 95.6 MPH)
|
Top of the 3rd over - 0 runs, 1 hit, 0 errors, 2 left on base; Victoria 2 - Calgary 2 |
BOTTOM OF THE 3RD |
Calgary Flames batting - Pitching for Victoria Capitals : LHP Andy Mathis
|
Batting: RHB Elias Vences
|
0-0: Ball 1-0: Fly out, F4 (Popup, 34, EV 53.1 MPH)
|
Batting: RHB Brian DeVoe
|
0-0: Ball 1-0: Foul Ball, location: 2F 1-1: Ball 2-1: Ball 3-1: Foul Ball, location: 2F 3-2: Ground out 1-3 (Groundball, P, EV 69.4 MPH)
|
Batting: RHB Mike MacLeod
|
0-0: Ball 1-0: Called Strike 1-1: Ground out 5-3 (Groundball, 56S, EV 85.6 MPH)
|
Bottom of the 3rd over - 0 runs, 0 hits, 0 errors, 0 left on base; Victoria 2 - Calgary 2 |
TOP OF THE 4TH |
Victoria Capitals batting - Pitching for Calgary Flames : RHP David Koski
|
Batting: RHB Kinzo Yokoyama
|
0-0: Foul Ball, location: 2F 0-1: Foul Ball, location: 2F 0-2: Ball 1-2: Ball 2-2: Strikes out swinging
|
Batting: RHB Jose Zuniga
|
0-0: Ball 1-0: Called Strike 1-1: Called Strike 1-2: Ball 2-2: Foul Ball, location: 2F 2-2: Ball 3-2: Strikes out swinging
|
Batting: RHB Chris Skaff
|
0-0: Called Strike 0-1: Swinging Strike 0-2: Ball 1-2: Strikes out swinging
|
Top of the 4th over - 0 runs, 0 hits, 0 errors, 0 left on base; Victoria 2 - Calgary 2 |
BOTTOM OF THE 4TH |
Calgary Flames batting - Pitching for Victoria Capitals : LHP Andy Mathis
|
Batting: LHB Carlos Cuellar
|
0-0: Called Strike 0-1: Foul Ball, location: 2F 0-2: Ball 1-2: Strikes out swinging
|
Batting: RHB Adrian Cook
|
0-0: Swinging Strike 0-1: Ball 1-1: Swinging Strike 1-2: SOLO HOME RUN (Flyball, 7D, EV 105.0 MPH), Distance : 413 ft
|
Batting: SHB Isaiah Scates
|
0-0: Ball 1-0: Ball 2-0: Called Strike 2-1: Ball 3-1: Called Strike 3-2: DOUBLE (Groundball, 5L, EV 105.6 MPH)
|
Batting: RHB Alex Collazo
|
0-0: Ball 1-0: Ground out 1-3 (Groundball, 13S, EV 71.2 MPH) Isaiah Scates to third
|
Batting: LHB Dean Luttman
|
0-0: Ball 1-0: Foul Ball, location: 2F 1-1: Foul Ball, location: 2F 1-2: Strikes out swinging
|
Bottom of the 4th over - 1 run, 2 hits, 0 errors, 1 left on base; Victoria 2 - Calgary 3 |
TOP OF THE 5TH |
Victoria Capitals batting - Pitching for Calgary Flames : RHP David Koski
|
Batting: RHB David Greene
|
0-0: TRIPLE (Flyball, 78XD, EV 101.2 MPH)
|
Batting: LHB Chris Jackson
|
0-0: Ball 1-0: Ball 2-0: Ball 3-0: Called Strike 3-1: Called Strike 3-2: Strikes out looking
|
Pitching: LHP Bill Hussey
|
|
Batting: RHB Enrique Valdez
|
0-0: Ball 1-0: Ball 2-0: Ball 3-0: Base on Balls
|
Batting: RHB Mike Conaway
|
0-0: Ball 1-0: Fielders Choice at 2nd, 6-4 (Groundball, 6M, EV 100.6 MPH) David Greene scores
|
Batting: SHB Ray Skogen
|
0-0: Ball 1-0: Called Strike 1-1: Foul Ball, location: 2F 1-2: SINGLE (Flyball, 3D, EV 94.4 MPH) Mike Conaway to second Mike Conaway to third
|
Batting: LHB Jason Kinney
|
0-0: Swinging Strike 0-1: Ball 1-1: Ball 2-1: Swinging Strike 2-2: Fly out, F8 (Flyball, 78M, EV 87.5 MPH)
|
Top of the 5th over - 1 run, 2 hits, 0 errors, 2 left on base; Victoria 3 - Calgary 3 |
BOTTOM OF THE 5TH |
Calgary Flames batting - Pitching for Victoria Capitals : LHP Andy Mathis
|
Pitching: RHP Frank Cabrera
|
|
Batting: LHB Lu-po-teh Zhou
|
0-0: SINGLE (Flyball, 8LS, EV 88.8 MPH)
|
Batting: RHB Elias Vences
|
0-0: Fly out, F7 (Flyball, 7LD, EV 83.8 MPH)
|
Batting: RHB Brian DeVoe
|
0-0: Foul Ball, location: 2F 0-1: Called Strike 0-2: Foul Ball, location: 2F 0-2: Ball 1-2: Foul Ball, location: 2F 1-2: Ball 2-2: Fielders Choice at 2nd, 6-4 (Groundball, 6, EV 79.4 MPH)
|
Batting: RHB Mike MacLeod
|
0-0: Ball 1-0: Fly out, F7 (Flyball, 7S, EV 81.2 MPH)
|
Bottom of the 5th over - 0 runs, 1 hit, 0 errors, 1 left on base; Victoria 3 - Calgary 3 |
TOP OF THE 6TH |
Victoria Capitals batting - Pitching for Calgary Flames : LHP Bill Hussey
|
Batting: RHB Kinzo Yokoyama
|
0-0: Swinging Strike 0-1: Ball 1-1: Foul Ball, location: 2F 1-2: Strikes out swinging
|
Batting: RHB Jose Zuniga
|
0-0: Fly out, F8 (Flyball, 8RS, EV 86.9 MPH)
|
Batting: RHB Chris Skaff
|
0-0: Ball 1-0: Called Strike 1-1: Ball 2-1: Foul Ball, location: 2F 2-2: Strikes out swinging
|
Top of the 6th over - 0 runs, 0 hits, 0 errors, 0 left on base; Victoria 3 - Calgary 3 |
BOTTOM OF THE 6TH |
Calgary Flames batting - Pitching for Victoria Capitals : RHP Frank Cabrera
|
Batting: LHB Carlos Cuellar
|
0-0: Ball 1-0: Ground out 3-1 (Groundball, 34S, EV 91.2 MPH)
|
Batting: RHB Adrian Cook
|
0-0: Ball 1-0: Ball 2-0: Foul Ball, location: 2F 2-1: Foul Ball, location: 2F 2-2: Fly out, F3 (Popup, 3SF, EV 76.2 MPH)
|
Batting: SHB Isaiah Scates
|
0-0: Foul Ball, location: 2F 0-1: Fly out, F9 (Flyball, 89D, EV 93.1 MPH)
|
Bottom of the 6th over - 0 runs, 0 hits, 0 errors, 0 left on base; Victoria 3 - Calgary 3 |
TOP OF THE 7TH |
Victoria Capitals batting - Pitching for Calgary Flames : LHP Bill Hussey
|
Pitching: RHP Brice MacKenzie
|
|
Batting: RHB David Greene
|
0-0: Ground out 4-3 (Groundball, 34, EV 87.5 MPH)
|
Batting: LHB Chris Jackson
|
0-0: Foul Ball, location: 2F 0-1: Ball 1-1: Fly out, F8 (Flyball, 8LS, EV 93.1 MPH)
|
Batting: RHB Enrique Valdez
|
0-0: Ground out 6-3 (Groundball, 6, EV 79.4 MPH)
|
Top of the 7th over - 0 runs, 0 hits, 0 errors, 0 left on base; Victoria 3 - Calgary 3 |
BOTTOM OF THE 7TH |
Calgary Flames batting - Pitching for Victoria Capitals : RHP Frank Cabrera
|
Pitching: RHP Michel Méry
|
|
Batting: RHB Alex Collazo
|
0-0: Ball 1-0: Foul Ball, location: 2F 1-1: DOUBLE (Flyball, 8RXD, EV 98.8 MPH)
|
Batting: LHB Dean Luttman
|
0-0: Ball 1-0: Called Strike 1-1: Ball 2-1: SINGLE (Line Drive, 8RS, EV 92.5 MPH) Alex Collazo to third
|
Batting: LHB Lu-po-teh Zhou
|
0-0: Called Strike 0-1: Ball 1-1: DOUBLE (Groundball, 5D, EV 106.9 MPH) Alex Collazo scores Dean Luttman to third Runner from 3rd tries for Home, SAFE, throw by LF to trailing runner, SAFE at third!
|
Batting: RHB Elias Vences
|
0-0: Called Strike 0-1: Foul Ball, location: 2F 0-2: Ball 1-2: Ball Wild Pitch! Lu-po-teh Zhou scores 2-2: Strikes out swinging, 2-3 out at first.
|
Pitching: LHP Chris Wheeler
|
|
Batting: RHB Brian DeVoe
|
0-0: Called Strike 0-1: Ball 1-1: Swinging Strike 1-2: Ball 2-2: Ball 3-2: Base on Balls
|
Batting: RHB Mike MacLeod
|
0-0: Ball 1-0: Foul Ball, location: 2F 1-1: Ball 2-1: 2-RUN HOME RUN (Flyball, 7D, EV 105.0 MPH), Distance : 421 ft
|
Batting: LHB Carlos Cuellar
|
0-0: Fly out, F8 (Flyball, 8RXD, EV 96.2 MPH)
|
Batting: RHB Adrian Cook
|
0-0: Called Strike 0-1: Ball 1-1: Called Strike 1-2: Foul Ball, location: 2F 1-2: Fly out, F9 (Flyball, 89S, EV 92.5 MPH)
|
Bottom of the 7th over - 5 runs, 4 hits, 0 errors, 0 left on base; Victoria 3 - Calgary 8 |
TOP OF THE 8TH |
Victoria Capitals batting - Pitching for Calgary Flames : RHP Brice MacKenzie
|
Batting: RHB Mike Conaway
|
0-0: Called Strike 0-1: Ball 1-1: Ball 2-1: Called Strike 2-2: Foul Ball, location: 2F 2-2: Ball 3-2: Strikes out looking
|
Batting: SHB Ray Skogen
|
0-0: Swinging Strike 0-1: Foul Ball, location: 2F 0-2: Ball 1-2: Ball 2-2: Strikes out swinging
|
Batting: LHB Jason Kinney
|
0-0: Called Strike 0-1: Ball 1-1: Foul Ball, location: 2F 1-2: Ball 2-2: Ball 3-2: Foul Ball, location: 2F 3-2: Foul Ball, location: 2F 3-2: Base on Balls
|
Batting: RHB Kinzo Yokoyama
|
0-0: Called Strike 0-1: Ball 1-1: Ball 2-1: Ground out 4-3 (Groundball, 4D, EV 85.0 MPH)
|
Top of the 8th over - 0 runs, 0 hits, 0 errors, 1 left on base; Victoria 3 - Calgary 8 |
BOTTOM OF THE 8TH |
Calgary Flames batting - Pitching for Victoria Capitals : LHP Chris Wheeler
|
Batting: SHB Isaiah Scates
|
0-0: Swinging Strike 0-1: Ball 1-1: Swinging Strike 1-2: Ball 2-2: Foul Ball, location: 2F 2-2: Strikes out swinging
|
Batting: RHB Alex Collazo
|
0-0: Ball 1-0: Called Strike 1-1: Foul Ball, location: 2F 1-2: Strikes out swinging
|
Batting: LHB Dean Luttman
|
0-0: Ball 1-0: Called Strike 1-1: Foul Ball, location: 2F 1-2: Ball 2-2: Ball 3-2: Base on Balls
|
Pitching: LHP Kevin Roberts
|
|
Batting: LHB Lu-po-teh Zhou
|
0-0: Foul Ball, location: 2F 0-1: Called Strike 0-2: Foul Ball, location: 2F 0-2: Ball 1-2: Ground out 4-3 (Groundball, 34, EV 78.1 MPH)
|
Bottom of the 8th over - 0 runs, 0 hits, 0 errors, 1 left on base; Victoria 3 - Calgary 8 |
TOP OF THE 9TH |
Victoria Capitals batting - Pitching for Calgary Flames : RHP Brice MacKenzie
|
Batting: RHB Jose Zuniga
|
0-0: Called Strike 0-1: Ball 1-1: Called Strike 1-2: Ball 2-2: Strikes out swinging
|
Pitching: LHP Ricardo de la Torre
|
|
Batting: RHB Chris Skaff
|
0-0: Ball 1-0: Ball 2-0: Ball 3-0: Base on Balls
|
Batting: RHB David Greene
|
0-0: Ball 1-0: Swinging Strike 1-1: SINGLE (Flyball, 9LS, EV 94.4 MPH) Chris Skaff to second
|
Batting: LHB Chris Jackson
|
0-0: Ball 1-0: Ball 2-0: SINGLE (Groundball, 23, EV 62.5 MPH) (infield hit) Chris Skaff to third David Greene to second
|
Batting: RHB Enrique Valdez
|
0-0: Ball 1-0: Ball 2-0: Ball 3-0: Base on Balls Chris Skaff scores David Greene to third Chris Jackson to second
|
Pitching: LHP Manny Santiago
|
|
Batting: RHB Mike Conaway
|
0-0: Ball 1-0: Called Strike 1-1: Ball 2-1: Ball 3-1: Base on Balls David Greene scores Chris Jackson to third Enrique Valdez to second
|
Batting: SHB Ray Skogen
|
0-0: Swinging Strike 0-1: Called Strike 0-2: Ball 1-2: Foul Ball, location: 2F 1-2: Ball 2-2: Foul Ball, location: 2F 2-2: Strikes out swinging
|
Pinch Hitting: SHB Frank Amato
|
0-0: Ball 1-0: Foul Ball, location: 2F 1-1: Swinging Strike 1-2: Ball 2-2: Strikes out swinging
|
Top of the 9th over - 2 runs, 2 hits, 0 errors, 3 left on base; Victoria 5 - Calgary 8 |
|